 Dungeon Crawl Stone Soup version 0.23.2 (webtiles) character file.

Game seed: 5012472865750414708

2447 Borgoz the Cutter (level 9, -4/75 HPs)
             Began as a Ghoul Enchanter on Apr 4, 2019.
             Was an Initiate of Ashenzari.
             Slain by a hippogriff (7 damage)
             ... on level 7 of the Dungeon.
             The game lasted 00:13:23 (7271 turns).

Borgoz the Cutter (Ghoul Enchanter)                 Turns: 7271, Time: 00:13:26

Health: -4/75      AC: 15    Str: 15      XL:     9   Next: 49%
Magic:  10/10      EV:  6    Int:  9 (10) God:    Ashenzari [......]
Gold:   396        SH:  0    Dex: 11 (12) Spells: 10/11 levels left

rFire    + . .     SeeInvis .   b - +0 dagger (venom)
rCold    + . .     Gourm    .   (no shield)
rNeg     + + +     Faith    .   e - +0 plate armour
rPois    ∞         Spirit   .   c - +1 helmet
rElec    .         Reflect  .   D - +0 cloak
rCorr    .         Harm     .   (no gloves)
MR       .....                  (no boots)
Stlth    ..........             (no amulet)
HPRegen  0.00/turn              t - +3 ring of strength
MPRegen  0.12/turn              u - ring of protection from fire

@: rotting
A: rotting body, claws 1, carnivore, cold resistance 1, negative energy
resistance 3, inhibited regeneration, torment resistance, unbreathing
a: Curse Item, Renounce Religion


You were on level 7 of the Dungeon.
You worshipped Ashenzari.
Ashenzari was noncommittal.
You were not hungry.

You visited 2 branches of the dungeon, and saw 8 of its levels.

You collected 396 gold pieces.

Inventory:

Hand Weapons
 b - a +0 dagger of venom (weapon)
 p - a +1 short sword of speed
 s - a +0 dagger of draining
 y - a +4 quarterstaff of chaos
Missiles
 g - 4 tomahawks (quivered)
Armour
 c - a +1 helmet (worn)
 e - a +0 plate armour (worn)
 D - a +0 cloak (worn)
Jewellery
 r - a cursed +6 ring of intelligence
 t - a +3 ring of strength (left claw)
 u - a ring of protection from fire (right claw)
 w - an uncursed ring of resist corrosion
Wands
 k - a wand of paralysis (1)
Scrolls
 f - a scroll of enchant weapon {unknown}
 i - 2 scrolls of teleportation {unknown}
 j - 3 scrolls of fog {unknown}
 l - 6 scrolls of identify {unknown}
 m - a scroll of immolation {unknown}
 n - 3 scrolls of remove curse
 q - a scroll of fear {unknown}
 z - a scroll of brand weapon {unknown}
 A - 3 scrolls of random uselessness {unknown}
Potions
 a - a potion of cancellation
 h - a potion of brilliance
 x - 2 potions of haste
Comestibles
 d - 13 rations
 C - 8 chunks of flesh


   Skills:
 + Level 5.9 Fighting
 * Level 7.2 Short Blades
 + Level 4.9 Armour
 + Level 5.4 Dodging
 - Level 3.2 Stealth
 - Level 1.7 Spellcasting
 - Level 2.4 Hexes


You had 10 spell levels left.
You knew the following spells:

 Your Spells              Type           Power        Failure   Level  Hunger
a - Corona                Hex            #......      100%        1    ##.....

Your spell library contained the following spells:

 Spells                   Type           Power        Failure   Level  Hunger
 Confusing Touch          Hex            #.....       100%        1    ##.....
 Summon Small Mammal      Summ           #...         100%        1    ##.....
 Call Imp                 Summ           #.......     100%        2    ###....
 Ensorcelled Hibernation  Hex/Ice        #.....       100%        2    ###....
 Call Canine Familiar     Summ           #.......     100%        3    ####...
 Confuse                  Hex            #.......     100%        3    ####...
 Dazzling Spray           Conj/Hex       #.....       100%        3    ####...
 Gell's Gravitas          Tloc           #.........   100%        3    ####...
 Summon Guardian Golem    Hex/Summ       #.......     100%        3    ####...
 Tukima's Dance           Hex            #.......     100%        3    ####...
 Petrify                  Tmut/Erth      #.......     100%        4    #####..
 Summon Ice Beast         Ice/Summ       #.......     100%        4    #####..
 Summon Lightning Spire   Summ/Air       #.......     100%        4    #####..
 Metabolic Englaciation   Hex/Ice        #.........   100%        5    ######.
 Yara's Violent Unravell  Hex/Tmut       #.........   100%        5    ######.


Dungeon Overview and Level Annotations

Branches:
Dungeon (7/15)             Temple (1/1) D:6

Altars:
Ashenzari
Cheibriados
Dithmenos
Elyvilon
Fedhas
Gozag
Hepliaklqana
Kikubaaqudgha
Makhleb
Okawaru
Ru
Trog
Uskayaw
Vehumet
Xom
Yredelemnul
Zin
The Shining One

Annotations:
D:6 1 runed translucent door, night's ghost, novice GrFE


Innate Abilities, Weirdness & Mutations

Your body is rotting away.
You thrive on raw meat.
You are immune to poison.
You have sharp fingernails.
You are carnivorous and can eat meat at any time.
Your flesh is cold resistant. (rC+)
You are immune to negative energy. (rN+++)
You do not regenerate when monsters are visible.
You are immune to unholy pain and torment.
You can survive without breathing.


Message History

You hit the hippogriff.
The hippogriff looks as sick as possible!
The hippogriff is moderately wounded.
The hippogriff bites you.
* * * LOW HITPOINT WARNING * * *
The hippogriff pecks you but does no damage.
The hippogriff claws you.
* * * LOW HITPOINT WARNING * * *
It was a potion of magic.
Magic courses through your body. The hippogriff bites you.
* * * LOW HITPOINT WARNING * * *
The hippogriff barely misses you. The hippogriff claws you.
* * * LOW HITPOINT WARNING * * *
It was a potion of mutation.
You feel extremely strange.
Your body decomposes!
You feel clumsy.
Your body decomposes!
You feel dopey. The hippogriff bites you!
You die...

#........#########
#.# #........#
#'## #........#
#.## #........#
#... #........#
#### #........# #
######H### # #H# #
#@# #......#
#......# #......#
###'#### ..# ###


You could see 2 hippogriffs.

Vanquished Creatures
  A hippogriff (D:7)
  Sigmund (D:6)
  An ice beast (D:6)
  3 orc warriors (D:6)
  Purgy (D:3)
  2 sky beasts (D:6)
  An ogre (D:4)
  A phantom (D:5)
  3 centaurs
  A big kobold (D:7)
  3 bullfrogs
  2 scorpions
  A howler monkey (D:5)
  A quasit (D:6)
  A bullfrog zombie (D:3)
  3 orc priests
  Crazy Yiuf (D:4)
  A hound (D:4)
  A centaur skeleton (D:6)
  An iguana (D:6)
  3 worker ants
  2 orc wizards
  A killer bee zombie (D:6)
  4 hound skeletons
  A worker ant zombie (D:6)
  9 adders
  A shadow imp (D:6)
  2 worms (D:2)
  2 dart slugs (D:1)
  18 orcs
  9 bats
  10 giant cockroaches
  6 goblins
  11 hobgoblins
  2 jackals (D:1)
  17 kobolds
  3 quokkas
  12 frilled lizards
  A jackal zombie (D:6)
  5 rats
149 creatures vanquished.

Notes
Turn   | Place    | Note
-------+----------+-------------------------------------------
     0 | D:1      | Borgoz the Ghoul Enchanter began the quest for the Orb.
     0 | D:1      | Reached XP level 1. HP: 14/14 MP: 2/2
    32 | D:1      | Reached skill level 1 in Short Blades
   190 | D:1      | Reached XP level 2. HP: 20/22 MP: 3/3
   641 | D:1      | Reached skill level 1 in Fighting
   650 | D:1      | Reached XP level 3. HP: 24/28 MP: 4/4
  1213 | D:2      | Reached skill level 1 in Armour
  1236 | D:2      | Reached skill level 2 in Short Blades
  1521 | D:2      | Found a glowing golden altar of the Shining One.
  1559 | D:2      | Reached XP level 4. HP: 31/35 MP: 5/5
  1662 | D:2      | Found a shattered altar of Ashenzari.
  1817 | D:2      | Became a worshipper of Ashenzari the Shackled
  2124 | D:3      | Noticed Purgy
  2148 | D:3      | Killed Purgy
  2148 | D:3      | Reached XP level 5. HP: 12/41 MP: 6/6
  2491 | D:3      | Reached skill level 3 in Short Blades
  2493 | D:3      | HP: 2/40 [orc/+0 flail (1)]
  2822 | D:3      | Reached XP level 6. HP: 34/50 MP: 7/7
  2929 | D:3      | Found an opulent altar of Gozag.
  3298 | D:4      | Reached skill level 4 in Short Blades
  3298 | D:4      | Reached XP level 7. HP: 23/57 MP: 8/8
  3705 | D:4      | Found a shimmering altar of Xom.
  3955 | D:4      | Found a runed translucent door.
  3956 | D:4      | Noticed Crazy Yiuf
  3965 | D:4      | Killed Crazy Yiuf
  4048 | D:5      | Entered Level 5 of the Dungeon
  4814 | D:5      | Found a sacrificial altar of Ru.
  4932 | D:6      | Reached skill level 5 in Short Blades
  4932 | D:6      | Reached XP level 8. HP: 64/66 MP: 9/9
  5307 | D:6      | Noticed Sigmund
  5322 | D:6      | Killed Sigmund
  5322 | D:6      | Reached skill level 6 in Short Blades
  5349 | D:6      | Reached skill level 5 in Fighting
  5539 | D:6      | Reached XP level 9. HP: 55/74 MP: 10/10
  5737 | D:6      | Found a staircase to the Ecumenical Temple.
  5819 | Temple   | Entered the Ecumenical Temple
  6277 | D:6      | Found a runed translucent door.
  6282 | D:6      | Noticed night's ghost (novice GrFE)
  6346 | D:6      | Reached skill level 5 in Dodging
  6749 | D:7      | Reached skill level 7 in Short Blades
  7014 | D:7      | Found a shadowy altar of Dithmenos.
  7270 | D:7      | HP: 3/75 [hippogriff (3)]
  7271 | D:7      | Slain by a hippogriff

Skill      XL: |  1  2  3  4  5  6  7  8  9 |
---------------+----------------------------+-----
Short Blades   | 1 2 3 4 5 6 7 |  7.2
Dodging        | 2 3 4 5 |  5.4
Fighting       | 1 2 3 4 5 |  5.9
Armour         | 1 2 3 4 |  4.9
Stealth        | |  3.2
Spellcasting   | |  1.7
Hexes          | |  2.4

Action                   |  1- 3 |  4- 6 |  7- 9 || total
-------------------------+-------+-------+-------++-------
Melee: Dagger            |   165 |   206 |   615 ||   986
       Short sword       |    67 |       |       ||    67
Evoke: Wand              |       |     5 |    21 ||    26
  Use: Potion            |       |     5 |     8 ||    13
 Stab: Sleeping          |     1 |       |       ||     1
       Paralysed         |       |     1 |     3 ||     4
  Eat: Chunk             |     2 |     8 |    28 ||    38
Armor: Plate armour      |   179 |   162 |   451 ||   792
       Robe              |     5 |       |       ||     5
Dodge: Dodged            |    37 |    53 |   163 ||   253
